 Dungeon Crawl Stone Soup version 0.23-a0-270-gab6feb3 (webtiles) character file.

24487 George the Carver (level 12, -3/108 HPs)
             Began as a Minotaur Fighter on Oct 1, 2018.
             Was the Champion of Okawaru.
             Slain by an eight-headed hydra (11 damage)
             ... on level 2 of the Lair of Beasts.
             The game lasted 00:27:26 (12791 turns).

George the Carver (Minotaur Fighter)               Turns: 12791, Time: 00:27:27

Health: -3/108     AC: 14    Str: 27    XL:     12   Next: 81%
Magic:  13/17      EV: 11    Int:  5    God:    Okawaru [******]
Gold:   805        SH: 24    Dex: 15    Spells: 11/11 levels left

rFire    . . .     SeeInvis .   v - +0 rapier
rCold    . . .     Gourm    .   O - +5 large shield "Ango" {*Corrode rElec rPois Dex+3}
rNeg     . . .     Faith    .   b - +0 chain mail "Huisuol" {rCorr Slay+5}
rPois    +         Spirit   .   (helmet restricted)
rElec    +         Reflect  .   A - +0 cloak
rCorr    +         Harm     .   (no gloves)
MR       .....                  C - +0 pair of boots
Stlth    ..........             E - amulet of regeneration
HPRegen  0.68/turn              e - +3 ring of strength
MPRegen  0.15/turn              B - ring of resist corrosion

@: finesse
A: retaliatory headbutt, horns 2
a: Heroism, Finesse, Renounce Religion


You were on level 2 of the Lair of Beasts.
You worshipped Okawaru.
Okawaru was exalted by your worship.
You were not hungry.

You visited 3 branches of the dungeon, and saw 15 of its levels.

You collected 805 gold pieces.

Inventory:

Hand Weapons
 v - a +0 rapier (weapon)
 G - a +0 scimitar
Missiles
 m - 2 throwing nets (quivered)
Armour
 b - the +0 chain mail "Huisuol" (worn) {rCorr Slay+5}
   (Okawaru gifted it to you on level 9 of the Dungeon)

   It affects your accuracy and damage with ranged weapons and melee attacks
   (+5).
   It provides partial protection from all sources of acid and corrosion.
 w - the +6 chain mail of Piepnes {rCorr Int+4}
   (You found it on level 5 of the Dungeon)

   It affects your intelligence (+4).
   It provides partial protection from all sources of acid and corrosion.
 A - a +0 cloak (worn)
 C - a +0 pair of boots (worn)
 O - the +5 large shield "Ango" (worn) {*Corrode rElec rPois Dex+3}
   (You found it on level 1 of the Lair of Beasts)

   It affects your dexterity (+3).
   It insulates you from electricity.
   It protects you from poison.
   It may corrode you when you take damage.
Jewellery
 e - a +3 ring of strength (left hand)
 B - a ring of resist corrosion (right hand)
 E - an amulet of regeneration (around neck)
 F - an uncursed ring of ice
 H - an uncursed ring of poison resistance
 M - an uncursed ring of fire
Wands
 c - a wand of flame (21)
 u - a wand of digging (13)
 L - a wand of paralysis (6)
 N - a wand of enslavement (14)
Scrolls
 g - 3 scrolls of remove curse
 h - a scroll of blinking {unknown}
 j - 2 scrolls of teleportation {unknown}
 k - 3 scrolls of random uselessness {unknown}
 n - a scroll of summoning {unknown}
 p - 2 scrolls of fog {unknown}
 t - 6 scrolls of amnesia {unknown}
 x - 2 scrolls of enchant armour {unknown}
 y - 2 scrolls of enchant weapon {unknown}
 J - 2 scrolls of fear
 K - a scroll of silence {unknown}
Potions
 d - 4 potions of might
 i - 7 potions of heal wounds
 l - a potion of cancellation
 o - 2 potions of flight
 q - a potion of magic
 s - a potion of haste
 z - 2 potions of mutation
 D - 2 potions of resistance
 I - a potion of invisibility
Comestibles
 a - 3 chunks of flesh
 f - 21 rations


   Skills:
 + Level 10.9 Fighting
 + Level 12.6 Long Blades
 + Level 10.8 Armour
 + Level 9.4 Dodging
 + Level 10.7 Shields
 + Level 8.7 Invocations


You had 11 spell levels left.
You didn't know any spells.
Your spell library contained the following spells:

 Spells                   Type           Power        Failure   Level  Hunger
 Animate Skeleton         Necr           N/A          100%        1    ##.....
 Apportation              Tloc           #.....       100%        1    ##.....
 Confusing Touch          Hex            #.....       100%        1    ##.....
 Corona                   Hex            #......      100%        1    ##.....
 Magic Dart               Conj           #...         100%        1    ##.....
 Sandblast                Erth           #.....       100%        1    ##.....
 Summon Small Mammal      Summ           #...         100%        1    ##.....
 Blink                    Tloc           N/A          100%        2    ###....
 Call Imp                 Summ           #.......     100%        2    ###....
 Ensorcelled Hibernation  Hex/Ice        #.....       100%        2    ###....
 Passwall                 Tmut/Erth      #.......     100%        2    ###....
 Slow                     Hex            #.......     100%        2    ###....
 Confuse                  Hex            #.......     100%        3    ####...
 Conjure Flame            Conj/Fire      #.......     100%        3    ####...
 Dazzling Spray           Conj/Hex       #.....       100%        3    ####...
 Mephitic Cloud           Conj/Pois/Air  #.......     100%        3    ####...
 Stone Arrow              Conj/Erth      #.....       100%        3    ####...
 Tukima's Dance           Hex            #.......     100%        3    ####...
 Petrify                  Tmut/Erth      #.......     100%        4    #####..
 Aura of Abjuration       Summ           #.........   100%        5    ######.
 Lee's Rapid Deconstruct  Erth           #.........   100%        5    ######.
 Summon Mana Viper        Hex/Summ       #.......     100%        5    ######.
 Hydra Form               Tmut           #.........   100%        6    #######


Dungeon Overview and Level Annotations

Branches:
Dungeon (12/15)            Temple (1/1) D:4            Lair (2/6) D:10
  Swamp (0/4) Lair:2       Spider (0/4) Lair:2          Orc (0/2) D:12

Altars:
Ashenzari
Cheibriados
Dithmenos
Elyvilon
Fedhas
Gozag
Hepliaklqana
Kikubaaqudgha
Makhleb
Nemelex Xobeh
Okawaru
Qazlal
Ru
Sif Muna
Trog
Uskayaw
Vehumet
Wu Jian
Xom
Yredelemnul
Zin
The Shining One

Shops:
D:8 (   D:10 ::=}

Portals:
Trove: D:10 (give 20 potions of curing)


Innate Abilities, Weirdness & Mutations

You reflexively headbutt those who attack you in melee.
You have a pair of horns on your head.


Message History

Okay, then.
Evoke which item? (* to show all) (? for menu, Esc to quit)
Aiming: Paralyse
Press: ? - help, Shift-Dir - straight line, f - eight-headed hydra
Aim: an eight-headed hydra (chance to defeat MR: 15%)
The eight-headed hydra resists with almost no effort.
You impale the eight-headed hydra!! You headbutt the eight-headed hydra.
The eight-headed hydra is moderately wounded.
You puncture the eight-headed hydra! You headbutt the eight-headed hydra!
The eight-headed hydra is severely wounded.
You feel like a meek peon again.
You block the eight-headed hydra's attack.
The eight-headed hydra bites you.
* * * LOW HITPOINT WARNING * * *
You block the eight-headed hydra's attack.
The eight-headed hydra bites you.
* * * LOW HITPOINT WARNING * * *
You block the eight-headed hydra's attack.
The eight-headed hydra bites you!
You die...

...............# ##..###
....)..........# #...#.#
..............# #..>.##
..............## #...##
...............# ##..##
...............# ##...#
.....÷.†.......#### ##....#######
.........†.....##.###............
..............rD@)...............
.##..#..####.#.#P##.#..##...##.#.
##.###### ###########P##########
## ###


You could see an eight-headed hydra and a porcupine.

Vanquished Creatures
  A centaur warrior (D:11)
  2 two-headed ogres
  4 skeletal warriors (D:12)
  An unseen horror (D:12)
  Pikel (D:4)
  4 ugly things
  A black mamba (Lair:2)
  A centaur zombie (D:11)
  A gargoyle (D:12)
  A spiny frog (Lair:1)
  A rime drake (Lair:2)
  A komodo dragon (Lair:2)
  A troll (D:12)
  2 jumping spiders (Lair:2)
  A queen bee (D:8)
  A hornet (D:9)
  3 blink frogs (Lair:2)
  A meliai zombie (D:11)
  11 slime creatures (D:12)
  2 hippogriffs
  2 redbacks (Lair:2)
  A shadow (D:11)
  16 yaks
  3 wyverns
  A wraith (D:12)
  A basilisk (Lair:2)
  A hungry ghost (D:11)
  A vampire mosquito (D:9)
  A steam dragon (D:10)
  A soldier ant (D:10)
  A swamp worm (Lair:2)
  3 water moccasins
  A porcupine (Lair:2)
  6 orc warriors
  A slave (D:5)
  4 ice beasts
  4 phantoms
  2 sky beasts
  2 black bears (D:10)
  A hornet zombie (D:11)
  3 ogres
  An eye of draining (D:9)
  A necrophage (D:9)
  8 centaurs
  5 big kobolds
  Blork the orc (D:6)
  9 bullfrogs
  28 killer bees
  3 scorpions
  A water moccasin skeleton (D:10)
  3 howler monkeys
  9 crimson imps
  2 bullfrog zombies
  A bullfrog skeleton (D:9)
  10 orc wizards
  A quasit (D:11)
  3 orc priests
  Crazy Yiuf (D:6)
  7 hounds
  A jelly (D:11)
  A centaur skeleton (D:7)
  3 iguanas
  21 worker ants
  Natasha (thrice) (D:3)
  A hound zombie (D:8)
  A hound skeleton (D:6)
  4 worker ant zombies
  A gnoll (D:6)
  20 adders
  2 river rats (D:4)
  4 shadow imps
  An adder skeleton (D:4)
  3 worms
  3 dart slugs
  5 leopard geckos
  54 orcs
  5 bats
  10 giant cockroaches
  10 goblins
  13 hobgoblins
  15 jackals
  7 quokkas
  A ball python (D:3)
  A ball python skeleton (D:4)
  4 frilled lizards
  A jackal zombie (D:4)
  21 kobolds
  A quokka zombie (D:8)
  11 rats
  A butterfly (D:10)
420 creatures vanquished.

Vanquished Creatures (others)
  An orc wizard (D:6)
  3 orcs (D:6)
  3 goblins (D:6)
  2 hobgoblins (D:6)
9 creatures vanquished.

Grand Total: 429 creatures vanquished

Notes
Turn   | Place    | Note
-------+----------+-------------------------------------------
     0 | D:1      | George the Minotaur Fighter began the quest for the Orb.
     0 | D:1      | Reached XP level 1. HP: 19/19 MP: 0/0
    51 | D:1      | Reached skill level 3 in Long Blades
   108 | D:1      | Reached XP level 2. HP: 25/26 MP: 1/1
   262 | D:1      | Reached skill level 4 in Long Blades
   436 | D:1      | Reached XP level 3. HP: 31/31 MP: 2/2
   635 | D:2      | Found a hide-covered altar of Uskayaw.
   678 | D:2      | Found a sacrificial altar of Ru.
   685 | D:2      | Reached skill level 5 in Long Blades
   697 | D:2      | Reached XP level 4. HP: 21/39 MP: 3/3
   999 | D:2      | Found a hazy altar of Hepliaklqana.
  1483 | D:3      | Found a sparkling altar of Nemelex Xobeh.
  1494 | D:3      | Reached skill level 6 in Long Blades
  1591 | D:3      | Reached XP level 5. HP: 45/45 MP: 4/4
  1837 | D:3      | Noticed Natasha
  1841 | D:3      | Killed Natasha
  1940 | D:3      | Reached skill level 7 in Long Blades
  1977 | D:3      | Noticed Natasha
  1982 | D:3      | Killed Natasha
  1991 | D:3      | Noticed Natasha
  2001 | D:3      | Killed Natasha
  2630 | D:4      | Reached XP level 6. HP: 44/51 MP: 5/5
  2649 | D:4      | Found a staircase to the Ecumenical Temple.
  2731 | Temple   | Entered the Ecumenical Temple
  2748 | Temple   | Became a worshipper of Warmaster Okawaru
  2994 | D:4      | Found a burning altar of Makhleb.
  3121 | D:4      | Found a shimmering altar of Xom.
  3376 | D:5      | Entered Level 5 of the Dungeon
  3385 | D:5      | Reached skill level 8 in Long Blades
  3385 | D:5      | Reached skill level 1 in Dodging
  3414 | D:5      | Reached skill level 1 in Invocations
  3457 | D:5      | Reached XP level 7. HP: 42/59 MP: 6/6
  3460 | D:5      | Got a crude chain mail
  3473 | D:5      | Identified the +6 chain mail of Piepnes {rCorr Int+4} (You
                  | found it on level 5 of the Dungeon)
  3568 | D:5      | Reached * piety under Okawaru
  3983 | D:6      | Noticed Pikel
  4045 | D:5      | Reached ** piety under Okawaru
  4045 | D:5      | Reached skill level 5 in Fighting
  4045 | D:5      | Reached XP level 8. HP: 60/68 MP: 8/8
  4149 | D:4      | Killed Pikel
  4149 | D:4      | Reached skill level 9 in Long Blades
  4149 | D:4      | Reached skill level 5 in Armour
  4149 | D:4      | Reached skill level 5 in Shields
  4492 | D:6      | Found a runed door.
  4535 | D:6      | Reached *** piety under Okawaru
  4790 | D:6      | Noticed Blork the orc
  4803 | D:6      | Killed Blork the orc
  4803 | D:6      | Reached XP level 9. HP: 71/75 MP: 10/10
  5319 | D:6      | Noticed Crazy Yiuf
  5327 | D:6      | Killed Crazy Yiuf
  5376 | D:7      | Found a glowing silver altar of Zin.
  5747 | D:7      | Found an iron altar of Okawaru.
  5800 | D:7      | Reached **** piety under Okawaru
  5800 | D:7      | Reached skill level 5 in Dodging
  5918 | D:7      | Found a deep blue altar of Sif Muna.
  6287 | D:7      | Found a bloodstained altar of Trog.
  6631 | D:8      | Found a blossoming altar of Fedhas.
  6631 | D:8      | Found an opulent altar of Gozag.
  6637 | D:8      | Identified Sif Muna's Catalogue of Supportive
                  | Transmigration
  6646 | D:8      | Noticed a queen bee
  6662 | D:8      | Killed a queen bee
  6662 | D:8      | Reached skill level 10 in Long Blades
  6678 | D:8      | Reached skill level 5 in Invocations
  6702 | D:8      | Reached XP level 10. HP: 26/86 MP: 9/12
  6964 | D:8      | Found Ishri's Antique Weapon Boutique.
  6979 | D:8      | Noticed a two-headed ogre
  6992 | D:8      | Killed a two-headed ogre
  6992 | D:8      | Reached ***** piety under Okawaru
  7115 | D:8      | Found a blossoming altar of Fedhas.
  7562 | D:8      | Found a glowing golden altar of the Shining One.
  7879 | D:9      | Noticed a cyan ugly thing
  7897 | D:9      | Killed a cyan ugly thing
  8019 | D:9      | Received a gift from Okawaru
  8020 | D:9      | Got a heavily runed chain mail {god gift}
  8031 | D:9      | Identified the +0 chain mail "Huisuol" {rCorr Slay+5}
                  | (Okawaru gifted it to you on level 9 of the Dungeon)
  8032 | D:9      | Found a sacrificial altar of Ru.
  8433 | D:9      | Reached XP level 11. HP: 80/95 MP: 14/14
  8533 | D:9      | Reached skill level 11 in Long Blades
  8587 | D:10     | Entered Level 10 of the Dungeon
  8729 | D:10     | Found Ephiocra's Book Shoppe.
  8774 | D:10     | Found Zazxy's Jewellery Emporium.
  8850 | D:10     | Found a portal to a secret trove of treasure.
  8950 | D:10     | Found a runed door.
  8964 | D:10     | Found a runed door.
  9005 | D:10     | Found a staircase to the Lair.
  9015 | D:10     | Found Tuasig's Gadget Boutique.
  9186 | D:10     | Found Ezafijom's Book Emporium.
  9443 | D:11     | Found a sparkling altar of Nemelex Xobeh.
  9734 | D:11     | Noticed a red ugly thing
  9749 | D:11     | Killed a red ugly thing
  9870 | D:11     | Noticed a centaur warrior
  9881 | D:11     | Killed a centaur warrior
  9979 | D:11     | Noticed a two-headed ogre
  9984 | D:11     | Killed a two-headed ogre
 10005 | D:11     | Noticed a red ugly thing
 10016 | D:11     | Killed a red ugly thing
 10016 | D:11     | Reached ****** piety under Okawaru
 10545 | D:12     | Killed an unseen horror
 10545 | D:12     | Received a gift from Okawaru
 10712 | D:12     | Noticed a skeletal warrior
 10712 | D:12     | Noticed a skeletal warrior
 10712 | D:12     | Noticed a skeletal warrior
 10713 | D:12     | Noticed a skeletal warrior
 10746 | D:12     | Killed a skeletal warrior
 10746 | D:12     | Reached skill level 10 in Fighting
 10746 | D:12     | Reached XP level 12. HP: 86/106 MP: 9/16
 10756 | D:12     | Reached skill level 12 in Long Blades
 10756 | D:12     | Reached skill level 10 in Armour
 10776 | D:12     | Reached skill level 10 in Shields
 11217 | D:12     | Found a staircase to the Orcish Mines.
 11544 | Lair:1   | Entered Level 1 of the Lair of Beasts
 11649 | Lair:1   | Got a polished large shield
 11660 | Lair:1   | Identified the +5 large shield "Ango" {*Corrode rElec rPois
                  | Dex+3} (You found it on level 1 of the Lair of Beasts)
 12443 | Lair:2   | Found a staircase to the Swamp.
 12496 | Lair:2   | Found a hole to the Spider Nest.
 12719 | Lair:2   | Received a gift from Okawaru
 12760 | Lair:2   | Noticed an eight-headed hydra
 12771 | Lair:2   | HP: 5/108 [black mamba (1)]
 12791 | Lair:2   | Slain by an eight-headed hydra

Vault maps used:
D:1:      dpeg_arrival_rhombi, minmay_tripent
D:2:      old_standard_altar, nicolae_overflow_crystal_walls,
          nicolae_overflow_hidden_temple
D:3:      lemuel_crystal_altar, uniq_natasha
D:4:      lemuel_doored_altar, bloody_makhleb, minmay_temple_entry_large_hall,
          lightli_sewer_entry_pipes
D:5:      first_ration
D:6:      corexii_shantytown, kennysheep_generic_room_12, uniq_blork_the_orc,
          uniq_crazy_yiuf_cottage, uniq_pikel
D:7:      lemuel_crystal_altar, led_sif_pool, marbit_many_paths,
          okawaru_gym_becter
D:8:      lemuel_round_altar, chequers_temple_overflow_statue_of_worship,
          serial_shops, nicolae_shop_behind_doors, david_nohive_1,
          fedhas_altar_2
D:9:      minmay_ornate_pinched, basic_altar
D:10:     lemuel_insect_pit, lair_entry_dummy, serial_shops, shop,
          nicolae_shop_statue_plus, kennysheep_little_box, kennysheep_mini,
          nicolae_trove_entry_columns
D:11:     basic_altar
D:12:     orc_0_dummy
Temple:   eino_temple_lava
Lair:2:   minmay_swamp_entry_worms, spider_nest_entry_funnel_web

Skill      XL: |  1  2  3  4  5  6  7  8  9 10 11 12 |
---------------+-------------------------------------+-----
Long Blades    | 3 4 5 6 7 8 9 10 11 12 | 12.6
Fighting       | 4 5 6 7 8 10 | 10.9
Dodging        | 1 2 4 5 6 8 9 |  9.4
Shields        | 4 6 7 8 9 10 | 10.7
Armour         | 4 5 7 8 9 10 | 10.8
Invocations    | 1 2 3 5 6 7 8 |  8.7

Action                   |  1- 3 |  4- 6 |  7- 9 | 10-12 || total
-------------------------+-------+-------+-------+-------++-------
Melee: Long sword        |    88 |   203 |   387 |   257 ||   935
       Headbutt          |    12 |    32 |    77 |   198 ||   319
       Scimitar          |       |       |       |   417 ||   417
       Rapier            |       |       |       |     4 ||     4
Invok: Heroism           |       |       |     2 |     5 ||     7
       Finesse           |       |       |       |     2 ||     2
Evoke: Wand              |       |       |       |     1 ||     1
  Use: Potion            |     2 |     1 |       |     1 ||     4
       Scroll            |       |       |     6 |     9 ||    15
  Eat: Chunk             |       |     9 |     9 |    13 ||    31
       Ration            |       |       |       |     3 ||     3
Armor: Scale mail        |    31 |    47 |       |       ||    78
       Plate armour      |       |    26 |       |       ||    26
       Chain mail        |       |       |   142 |   205 ||   347
Dodge: Dodged            |    35 |    41 |   108 |   227 ||   411
Block: Shield            |    45 |   102 |   178 |   261 ||   586
       Buckler           |       |       |       |    32 ||    32
       Large shield      |       |       |       |   129 ||   129
       Reflection        |       |       |       |     1 ||     1
       Rpst.: Long sword |     8 |    10 |    29 |    20 ||    67
       Scimitar          |       |       |       |    29 ||    29

Table legend:
 A = Non-vault XP
 B = Vault XP
 C = Vault XP percentage of total XP
 D = Non-vault monster count
 E = Vault monster count
 F = Vault count percentage of total count
                 A         B        C        D         E       F
            +---------+---------+-------+---------+---------+-------
      Total |   29535 |    5447 |  15.6 |     340 |      78 |  18.7
            +---------+---------+-------+---------+---------+-------
        D:1 |      46 |       3 |   6.1 |      26 |       2 |   7.1
        D:2 |      76 |       0 |   0.0 |      21 |       0 |   0.0
        D:3 |     216 |      35 |  13.9 |      25 |       1 |   3.8
        D:4 |     128 |     732 |  85.1 |      25 |       8 |  24.2
        D:5 |    1066 |       0 |   0.0 |      19 |       0 |   0.0
        D:6 |     550 |     204 |  27.1 |      10 |      21 |  67.7
        D:7 |    1439 |       2 |   0.1 |      37 |       1 |   2.6
        D:8 |    2367 |    1114 |  32.0 |      26 |      14 |  35.0
        D:9 |    1915 |    1685 |  46.8 |      25 |      14 |  35.9
       D:10 |    1783 |     468 |  20.8 |      27 |      12 |  30.8
       D:11 |    6488 |       0 |   0.0 |      45 |       0 |   0.0
       D:12 |    8903 |       0 |   0.0 |      33 |       0 |   0.0
     Lair:1 |    1990 |       0 |   0.0 |      11 |       0 |   0.0
     Lair:2 |    2568 |    1204 |  31.9 |      10 |       5 |  33.3
            +---------+---------+-------+---------+---------+-------
